 Dungeon Crawl Stone Soup version 0.19.5 (webtiles) character file.

90 miragecloak the Changer (level 4, -1/19 HPs)
             Began as a Felid Transmuter on May 5, 2017.
             Slain by miragecloak's ghost (9 damage)
             ... on level 3 of the Dungeon.
             The game lasted 00:03:34 (3806 turns).

miragecloak the Changer (Felid Transmuter)          Turns: 3806, Time: 00:03:34

Health: -1/19      AC:  2    Str:  6    XL:     4   Next: 32%
Magic:  7/8        EV: 21    Int: 14    God:
Gold:   107        SH:  0    Dex: 22    Spells: 2 memorised, 3 levels left
                                        Lives:  0   Deaths: 1

rFire  . . .     SeeInvis +       - Unarmed
rCold  . . .     Gourm    .     (armour unavailable)
rNeg   . . .     Faith    .     (shield unavailable)
rPois  x         Spirit   .     (helmet unavailable)
rElec  .         Reflect  .     (cloak unavailable)
rCorr  .         Harm     .     (gloves unavailable)
MR     .....                    (boots unavailable)
Stlth  ++........               l - amulet of magic regeneration
                                (no ring)
                                (no ring)

@: spider-form
A: no armour, no weapons or thrown items, stealth, (claws 0), (fangs 0), see
invisible, carnivore 3, (speed 0), (shaggy fur 0), slow metabolism 1, (sharp
paws)
a: End Transformation


You were on level 3 of the Dungeon.
You were not hungry.
You were a venomous arachnid creature.
You visited 1 branch of the dungeon, and saw 4 of its levels.

You collected 107 gold pieces.

Inventory:

Missiles
 a - 76 arrows
Jewellery
 l - an amulet of magic regeneration (around neck)
Wands
 u - a wand of flame (16/48)
Scrolls
 d - 2 scrolls of immolation {unknown}
 f - 3 scrolls of fog {unknown}
 i - a scroll of teleportation {unknown}
 j - a scroll of amnesia {unknown}
 k - a scroll of magic mapping {unknown}
 n - a scroll of blinking {unknown}
 o - a scroll of recharging {unknown}
 r - 3 scrolls of identify {unknown}
 s - a scroll of fear {unknown}
 t - a scroll of enchant weapon {unknown}
 v - 2 scrolls of remove curse {unknown}
Potions
 e - a potion of heal wounds {unknown}
 g - 2 potions of brilliance {unknown}
 h - a potion of curing
 m - 2 potions of degeneration {unknown}
 q - a potion of might {unknown}
 w - a potion of flight {unknown}
Books
 b - a book of Changes

   Spells                             Type                      Level
   a - Beastly Appendage              Transmutation                1
   b - Sticks to Snakes               Transmutation                2
   c - Spider Form                    Transmutation/Poison         3
   d - Ice Form                       Ice/Transmutation            4
   e - Blade Hands                    Transmutation                5
Comestibles
 c - 3 meat rations
 p - a beef jerky


   Skills:
 - Level 1.0 Fighting
 - Level 2.6 Dodging
 + Level 3.3 Unarmed Combat
 - Level 2.0 Spellcasting
 - Level 4.0 Transmutations
 + Level 3.0 Poison Magic


You had 3 spell levels left.
You knew the following spells:

 Your Spells              Type           Power        Failure   Level  Hunger
a - Beastly Appendage     Tmut           ##....       14%         1    ##.....
b - Spider Form           Tmut/Pois      ##........   36%         3    ####...


Dungeon Overview and Level Annotations

Branches:
Dungeon (4/15)
 Temple: D:4-7

Altars:
Dithmenos
Fedhas

Annotations:
D:3 miragecloak's ghost, weakling FeTm
D:4 1 runed door


Innate Abilities, Weirdness & Mutations

You cannot wear armour.
You are incapable of wielding weapons or throwing items.
Your paws allow you to move quietly. (Stealth)
((You have sharp claws.))
((You have razor-sharp teeth.))
You have supernaturally acute eyesight. (SInv)
You are carnivorous and can eat meat at any time.
((You cover ground quickly.))
((You are covered in fur. (AC +1)))
You have a slow metabolism.
((Your sharp claws are effective at attacking unaware monsters.))


Message History

The orc priest is almost dead.
You kill the orc priest!
Your Poison Magic skill increases to level 3!
Welcome back to level 4!
You start resting.
Magic restored.
You start resting.
Your transformation has ended.
You start resting.
You see here a club.
There isn't anything to butcher here.
Casting: Spider Form
Confirm with . or Enter, or press ? or * to list all spells.
You turn into a venomous arachnid creature.
Miragecloak's ghost misses you. Miragecloak's ghost closely misses you.
Miragecloak's ghost hits you.
You see here 17 stones.
Miragecloak's ghost hits you!
You die...

##### ##...##
##.....##
#.......#
#.......# ######
#.....).###.Ws.#
##..........(###
####.§.§.).####.#
.....)§....#. ..#
.##..#§#)..#.####
....#§§§#.##.
l..#.#§#§###.
...§§._§§....####
.#
#.#§#W#§.....##


You could see miragecloak's ghost.

Vanquished Creatures
  An orc priest (D:3)
  A worker ant (D:4)
  3 worms
  A dart slug (D:1)
  3 leopard geckos
  5 orcs (D:3)
  A ball python (D:2)
  6 bats
  2 giant cockroaches
  10 goblins
  8 hobgoblins
  6 jackals
  3 frilled lizards (D:2)
  8 kobolds
  6 rats
64 creatures vanquished.

Notes
Turn   | Place    | Note
-------+----------+-------------------------------------------
     0 | D:1      | miragecloak the Felid Transmuter began the quest for the Orb.
     0 | D:1      | Reached XP level 1. HP: 9/9 MP: 4/4
    33 | D:1      | Reached skill level 3 in Transmutations
    39 | D:1      | Reached XP level 2. HP: 8/12 MP: 6/6
   714 | D:1      | Reached XP level 3. HP: 15/15 MP: 5/7
   719 | D:1      | Learned a level 3 spell: Spider Form
   754 | D:1      | Reached skill level 4 in Transmutations
  1363 | D:2      | Reached skill level 1 in Poison Magic
  1890 | D:2      | Found a blossoming altar of Fedhas.
  2315 | D:3      | Reached XP level 4. HP: 17/19 MP: 3/8
  2721 | D:3      | Noticed miragecloak's ghost (weakling FeTm)
  2721 | D:3      | Found a shadowy altar of Dithmenos.
  3531 | D:4      | Found a runed door.
  3531 | D:4      | Noticed a human
  3584 | D:3      | Killed from afar by an orc priest
  3585 | D:3      | Reached XP level 3. HP: -2/15 MP: 7/7
  3756 | D:3      | Reached XP level 4. HP: 7/19 MP: 6/8
  3806 | D:3      | Slain by miragecloak's ghost

Skill      XL: |  1  2  3  4 |
---------------+-------------+-----
Transmutations | 3 4 |  4.0
Poison Magic   | 3 2 |  3.0
Fighting       | |  1.0
Dodging        | |  2.6
Unarmed Combat | |  3.3
Spellcasting   | |  2.0

Action                   |  1- 3 |  4- 6 || total
-------------------------+-------+-------++-------
Melee: Unarmed           |   157 |    27 ||   184
       Bite              |     8 |       ||     8
       Headbutt          |     4 |       ||     4
       Punch             |     3 |       ||     3
 Cast: Beastly Appendage |    15 |       ||    15
       Spider Form       |    17 |    10 ||    27
  Use: Potion            |       |     1 ||     1
 Stab: Sleeping          |     5 |       ||     5
  Eat: Chunk             |    12 |     2 ||    14
Armor: Skin              |     8 |     1 ||     9
Dodge: Dodged            |   115 |    20 ||   135
